 Dungeon Crawl Stone Soup version 0.28.0-45-g0d030f2227 (webtiles) character file.

Game seed: 8085494972711346966

246 101zpm the Magician (level 6, -1/41 HPs)
             Began as a Djinni Ice Elementalist on Apr 20, 2022.
             Slain by a centaur (3 damage)
             ... on level 8 of the Dungeon.
             The game lasted 00:10:12 (4749 turns).

101zpm the Magician (Djinni Ice Elementalist)       Turns: 4749, Time: 00:10:12

Health: -1/41      AC:  4    Str:  7    XL:     6   Next: 33%
Gold:   127        EV: 12    Int: 20    God:
                   SH:  0    Dex: 14

rFire   + + .      SeeInvis .   c - staff of earth
rCold   x . .      Faith    .   (no shield)
rNeg    . . .      Spirit   .   m - +2 robe of Too Many Cooks {Will+ rCorr Int+2}
rPois   ∞          Reflect  .   (no helmet)
rElec   .          Harm     .   (no cloak)
rCorr   +          Rampage  .   (no gloves)
Will    +....                   (boots unavailable)
Stlth   ++........              (no amulet)
HPRegen 0.13/turn               (no ring)
MPRegen 0.00/turn               (no ring)

@: flying
A: sickness immunity, fire resistance 2, cold vulnerability 1, float, innate
caster, HP casting, extra vitality 1
a: no special abilities


You were on level 8 of the Dungeon.
You visited 1 branch of the dungeon, and saw 8 of its levels.

You collected 127 gold pieces.

Inventory:

Armour
 a - a +0 robe
 m - the +2 robe of Too Many Cooks (worn) {Will+ rCorr Int+2}
   (You found it on level 6 of the Dungeon)

   Int:       It affects your intelligence (+2).
   rCorr:     It protects you from acid and corrosion.
   Will:      It increases your willpower.
 p - a +1 robe of willpower
Magical Staves
 c - a staff of earth (weapon)
Wands
 o - a wand of acid (14)
Scrolls
 b - a scroll of blinking {unknown}
 d - a scroll of magic mapping {unknown}
 f - 4 scrolls of identify {unknown}
 g - 2 scrolls of enchant weapon {unknown}
 j - a scroll of immolation {unknown}
 l - a scroll of vulnerability {unknown}
 n - a scroll of enchant armour {unknown}
Potions
 e - a potion of haste {unknown}
 h - a potion of resistance {unknown}
 i - a potion of flight {unknown}
 k - a potion of attraction {unknown}


   Skills:
 + Level 0.5 Fighting
 + Level 0.4 Staves
 + Level 2.8 Dodging
 + Level 2.4 Stealth
 + Level 0.1 Unarmed Combat
 + Level 5.1 Spellcasting


You had one spell level left.
You knew the following spells:

 Your Spells              Type           Power      Damage    Failure   Level
a - Freeze                Ice            100%       1d11      1%          1
b - Frozen Ramparts       Ice            50%        1d7       4%          3
c - Ozocubu's Armour      Ice            25%        N/A       4%          3
d - Hailstorm             Conj/Ice       25%        3d7       14%         4
e - Magic Dart            Conj           100%       1d8       1%          1
f - Corpse Rot            Necr/Air       50%        N/A       2%          2
Your spell library was empty.

Dungeon Overview and Level Annotations

Branches:
Dungeon (8/15)
 Temple: D:4-7         Lair: D:8-11

Altars:
Vehumet
Zin

Annotations:
D:2 1 runed translucent door, Crazy Yiuf


Innate Abilities, Weirdness & Mutations

You are immune to sickness and miasma.
You are immune to poison.
Your flesh is very heat resistant. (rF++)
You are vulnerable to cold. (rC-)
You float through the air rather than walking.
You learn spells naturally, not from books.
Your magical power is your life essence.
You have superior vitality. (+4 MHP)


Message History

You fly downwards.
Found Great Wizards, Vol.
II.
Found a stone staircase leading up.
There is a stone staircase leading up here.
Aiming: Freeze (safe; 1% risk of failure)
Press: ? - help, Q - select action, (/) - cycle Shift-Dir - straight line, f - centaur
Aim: a centaur, quivering arrows You freeze the centaur!
The centaur is heavily wounded.
* * * LOW HITPOINT WARNING * * *
The centaur barely misses you.
The centaur kicks you but does no damage.
The centaur misses you.
The centaur kicks you but does no damage.
Aiming: Freeze (safe; 1% risk of failure)
Press: ? - help, Q - select action, (/) - cycle Shift-Dir - straight line, f/p - centaur
Aim: a centaur, quivering arrows (heavily wounded)
You freeze the centaur.
The centaur is heavily wounded.
* * * LOW HITPOINT WARNING * * *
The centaur barely misses you.
The centaur kicks you but does no damage.
Aiming: Freeze (safe; 1% risk of failure)
Press: ? - help, Q - select action, (/) - cycle Shift-Dir - straight line, f/p - centaur
Aim: a centaur, quivering arrows (heavily wounded)
You freeze the centaur.
The centaur is heavily wounded.
* * * LOW HITPOINT WARNING * * *
The centaur hits you.
* * * LOW HITPOINT WARNING * * *
The centaur kicks you but does no damage.
The centaur hits you but does no damage.
The centaur barely misses you.
Aiming: Freeze (safe; 1% risk of failure)
Press: ? - help, Q - select action, (/) - cycle Shift-Dir - straight line, f/p - centaur
Aim: a centaur, quivering arrows (heavily wounded)
You freeze the centaur.
The centaur is severely wounded.
* * * LOW HITPOINT WARNING * * *
The centaur hits you.
You die...

.#..######
..#......##
..........##
...........#
....:......#
...........#
........c..#
<......@...#
..........##
...#.....##
# #######


You could see a centaur.

Vanquished Creatures
  A scorpion (D:5)
  An orc priest (D:3)
  Jessica (D:3)
  An orc wizard (D:3)
  2 adders (D:3)
  A worm (D:3)
  2 dart slugs (D:2)
  10 orcs
  6 endoplasms
  3 giant cockroaches
  5 goblins
  4 hobgoblins
  3 jackals (D:2)
  3 quokkas
  5 ball pythons
  10 bats
  2 frilled lizards
  5 kobolds
  A quokka skeleton (D:4)
  3 rats
69 creatures vanquished.

Notes
Turn   | Place    | Note
-------+----------+-------------------------------------------
     0 | D:1      | 101zpm the Djinni Ice Elementalist began the quest for the
                  | Orb.
     0 | D:1      | Reached XP level 1. HP: 15/15 MP: 0/0
   789 | D:1      | Reached XP level 2. HP: 17/21 MP: 0/0
  1176 | D:2      | Found a faded altar of an unknown god.
  1203 | D:2      | Found a glowing silver altar of Zin.
  1581 | D:2      | Reached XP level 3. HP: 23/25 MP: 0/0
  1581 | D:2      | Learned a level 1 spell: Magic Dart
  2068 | D:2      | Reached skill level 4 in Spellcasting
  2271 | D:2      | Found a runed translucent door.
  2272 | D:2      | Noticed Crazy Yiuf
  2678 | D:3      | Noticed Jessica
  2683 | D:3      | Killed Jessica
  2684 | D:3      | Reached XP level 4. HP: 23/31 MP: 0/0
  3060 | D:3      | Reached XP level 5. HP: 21/35 MP: 0/0
  3060 | D:3      | Learned a level 2 spell: Corpse Rot
  4660 | D:5      | Entered Level 5 of the Dungeon
  4696 | D:5      | Reached skill level 5 in Spellcasting
  4696 | D:5      | Reached XP level 6. HP: 23/41 MP: 0/0
  4703 | D:5      | You are sucked into a shaft and drop 2 floors!
  4715 | D:6      | Identified the +2 robe of Too Many Cooks {Will+ rCorr
                  | Int+2}
  4749 | D:8      | Slain by a centaur

Illustrated notes

Levels and vault maps discovered:
D:1:      tarquinn_simple_flora_water_c, layout_loops_cross
D:2:      layout_basic, basic_altar, ebering_ecumenical_altar_mist,
          uniq_crazy_yiuf_cottage
D:3:      layout_basic, overflow_temple_1_default, uniq_jessica
D:4:      layout_rooms, minmay_temple_entry_nine_rooms,
          kennysheep_generic_room_13
D:5:      layout_rooms
D:6:      cheibrodos_helix_gallery, layout_gridville
D:7:      layout_rooms
D:8:      wad_pebble_path, layout_rooms, due_lair_maze_entry_diamond,
          uniq_maurice, uniq_joseph

Skill      XL: |  1  2  3  4  5 |
---------------+----------------+-----
Spellcasting   | 4 5 |  5.1
Stealth        | 2 |  2.4
Fighting       | |  0.5
Staves         | |  0.4
Dodging        | |  2.8
Unarmed Combat | |  0.1

Action                   |  1- 3 |  4- 6 || total
-------------------------+-------+-------++-------
Melee: Unarmed           |    16 |       ||    16
       Staff             |     3 |    30 ||    33
       Punch             |       |     1 ||     1
 Cast: Freeze            |    45 |    12 ||    57
       Magic Dart        |     4 |    51 ||    55
       Frozen Ramparts   |     1 |    15 ||    16
       Ozocubu's Armour  |       |     3 ||     3
       Corpse Rot        |       |     1 ||     1
  Use: Potion            |       |     2 ||     2
 Stab: Sleeping          |       |     2 ||     2
Armor: Robe              |     7 |    26 ||    33
Dodge: Dodged            |    28 |    85 ||   113
